 Dungeon Crawl Stone Soup version 0.22-a0-181-gb22368a (webtiles) character file.

2264 Amnesiac the Geomancer (level 9, -10/57 HPs)
             Began as a Mummy Earth Elementalist on Feb 14, 2018.
             Was an Initiate of Ashenzari.
             Mangled by a komodo dragon (37 damage)
             ... on level 9 of the Dungeon.
             The game lasted 00:23:21 (5516 turns).

Amnesiac the Geomancer (Mummy Earth Elementalist)   Turns: 5516, Time: 00:23:22

Health: -10/57     AC:  6    Str: 11    XL:     9   Next: 16%
Magic:  16/21      EV: 12    Int: 21    God:    Ashenzari [......]
Gold:   245        SH:  0    Dex: 12    Spells: 13/25 levels left

rFire    x . .     SeeInvis .   g - +0 rapier (elec)
rCold    + . .     Gourm    .   (no shield)
rNeg     + + +     Faith    .   c - +0 robe
rPois    ∞         Spirit   .   i - +0 helmet
rElec    .         Reflect  .   (no cloak)
rCorr    .         Harm     +   l - +0 pair of gloves
MR       +....                  (no boots)
Stlth    ++........             j - amulet of harm (curse)
HPRegen  0.19/turn              n - +3 ring of intelligence
MPRegen  0.17/turn              p - +2 ring of protection (curse)

@: no status effects
A: no food or potions, fire vulnerability, cold resistance 1, negative energy
resistance 3, torment resistance, unbreathing
a: Curse Item, Renounce Religion


You were on level 9 of the Dungeon.
You worshipped Ashenzari.
Ashenzari was noncommittal.
You were not hungry.

You visited 2 branches of the dungeon, and saw 9 of its levels.

You collected 316 gold pieces.
You spent 71 gold pieces at shops.

Inventory:

Hand Weapons
 g - a +0 rapier of electrocution (weapon)
 u - a +1 dagger of speed
Missiles
 a - 38 sling bullets
 b - 144 stones (quivered)
 e - 5 poisoned needles
Armour
 c - a +0 robe (worn)
 i - a +0 helmet (worn)
 l - a +0 pair of gloves (worn)
 s - a cursed +0 leather armour
Jewellery
 j - a cursed amulet of harm (around neck)
 k - an uncursed ring of resist corrosion
 n - a +3 ring of intelligence (left hand)
 p - a cursed +2 ring of protection (right hand)
Scrolls
 f - 2 scrolls of amnesia {!r, unknown}
 m - 2 scrolls of enchant armour {!r}
 o - a scroll of immolation {!r}
 q - 2 scrolls of magic mapping {!r}
 r - a scroll of teleportation {!r}
 t - a scroll of random uselessness {!r}
Books
 d - a book of Geomancy

   Spells                             Type                      Level
   a - Sandblast                      Earth                        1
   b - Passwall                       Transmutation/Earth          2
   c - Stone Arrow                    Conjuration/Earth            3
   d - Petrify                        Transmutation/Earth          4
   e - Lee's Rapid Deconstruction     Earth                        5


   Skills:
 - Level 1.5 Dodging
 - Level 1.5 Stealth
 + Level 8.8 Spellcasting
 - Level 0.7 Transmutations
 * Level 8.8 Earth Magic


You had 13 spell levels left.
You knew the following spells:

 Your Spells              Type           Power        Failure   Level  Hunger
a - Sandblast             Erth           #####.       1%          1    N/A
b - Passwall              Tmut/Erth      ####......   1%          2    N/A
d - Lee's Rapid Deconstr  Erth           #####.....   5%          5    N/A
e - Petrify               Tmut/Erth      ####....     10%         4    N/A

Dungeon Overview and Level Annotations

Branches:
Dungeon (7/15)             Temple (1/1) D:4            Lair (0/6) D:9

Altars:
Ashenzari
Dithmenos
Fedhas
Gozag
Hepliaklqana
Nemelex Xobeh
Okawaru
Qazlal
Ru
Sif Muna
Uskayaw
Vehumet
Wu Jian
Xom
Yredelemnul
Zin
The Shining One

Shops:
D:4 (=%:[   D:5 *


Innate Abilities, Weirdness & Mutations

You do not eat or drink.
Your flesh is vulnerable to fire.
You are immune to poison.
Your flesh is cold resistant. (rC+)
You are immune to negative energy. (rN+++)
You are immune to unholy pain and torment.
You can survive without breathing.


Message History

The plant is destroyed!
Okay, then.
Casting: Sandblast (safe; 1% risk of failure)
Confirm with . or Enter, or press ? or * to list all spells.
Aiming: Petrify (safe; 10% risk of failure)
Press: ? - help, Shift-Dir - straight line, f - komodo dragon
Aim: a komodo dragon (chance to defeat MR: 40%)
The komodo dragon is moving more slowly.
Unknown command.
Okay, then.
Casting: Petrify (safe; 10% risk of failure)
Confirm with . or Enter, or press ? or * to list all spells.
Okay, then.
Casting: Petrify (safe; 10% risk of failure)
Confirm with . or Enter, or press ? or * to list all spells.
Which direction?
That's not a passable wall.
You hit the komodo dragon.
The komodo dragon is lightly wounded.
The komodo dragon stops moving altogether!
You hear a distant slurping noise.
The helpless komodo dragon fails to defend itself.
You hit the komodo dragon.
The komodo dragon is lightly wounded.
The helpless komodo dragon fails to defend itself.
You hit the komodo dragon.
The komodo dragon is lightly wounded.
The helpless komodo dragon fails to defend itself.
You hit the komodo dragon.
The komodo dragon is lightly wounded.
The helpless komodo dragon fails to defend itself.
You hit the komodo dragon but do no damage.
Lightning courses through the komodo dragon!
The komodo dragon is moderately wounded.
The helpless komodo dragon fails to defend itself.
You hit the komodo dragon but do no damage.
The komodo dragon is moderately wounded.
The helpless komodo dragon fails to defend itself.
You hit the komodo dragon.
The komodo dragon is moderately wounded.
The komodo dragon is no longer petrified.
The komodo dragon barely misses you. The komodo dragon bites you!!
Ouch! That really hurt!
* * * LOW HITPOINT WARNING * * *
Casting: Passwall (safe; 1% risk of failure)
Confirm with . or Enter, or press ? or * to list all spells.
Aiming: Sandblast (safe; 1% risk of failure)
Press: ? - help, Shift-Dir - straight line, f/p - komodo dragon
Aim: a komodo dragon (moderately wounded)
The blast of sand misses the komodo dragon.
b - 145 stones The komodo dragon completely misses you.
Unknown command.
Casting: Sandblast (safe; 1% risk of failure)
Confirm with . or Enter, or press ? or * to list all spells.
Aiming: Sandblast (safe; 1% risk of failure)
Press: ? - help, Shift-Dir - straight line, f/p - komodo dragon
Aim: a komodo dragon (moderately wounded)
The blast of sand hits the komodo dragon.
The komodo dragon is severely wounded.
b - 144 stones The komodo dragon bites you!!
Ouch! That really hurt!
You die... ########### #PPPP@PPPP# #PPPPPPl..PP#

#.P.PPPP.>.PP#
.....PPP...PP#
......PPPPPPP#
.#......PPPPP#
##.......P$##
###.....###


You could see a komodo dragon.

Vanquished Creatures
  Prince Ribbit (D:7)
  3 yaks (D:5)
  Duvessa (D:5)
  A black bear (D:6)
  2 ogres
  2 phantoms (D:6)
  A centaur (D:5)
  A crocodile (D:7)
  2 bullfrogs
  Dowan (D:5)
  A scorpion (D:5)
  2 howler monkeys (D:7)
  2 crimson imps
  A bullfrog zombie (D:5)
  A jelly (D:5)
  A centaur skeleton (D:4)
  A gnoll shaman (D:6)
  An orc wizard (D:6)
  Natasha (twice) (D:2)
  6 worker ants
  A howler monkey zombie (D:6)
  4 adders
  7 gnolls
  A shadow imp (D:6)
  An ooze (D:4)
  An adder zombie (D:5)
  A worm (D:2)
  A leopard gecko (D:1)
  15 orcs
  2 ball pythons (D:3)
  7 bats
  9 giant cockroaches
  11 goblins
  9 hobgoblins
  6 jackals
  4 quokkas
  3 frilled lizards
  A jackal skeleton (D:6)
  A jackal zombie (D:6)
  8 kobolds
  A leopard gecko zombie (D:5)
  8 rats
135 creatures vanquished.

Vanquished Creatures (others)
  A plant (D:9)
1 creature vanquished.

Grand Total: 136 creatures vanquished

Notes
Turn   | Place    | Note
-------+----------+-------------------------------------------
     0 | D:1      | Amnesiac the Mummy Earth Elementalist began the quest for the Orb.
     0 | D:1      | Reached XP level 1. HP: 13/13 MP: 4/4
   111 | D:1      | Reached XP level 2. HP: 6/19 MP: 0/5
   331 | D:1      | Learned a level 2 spell: Passwall
  1194 | D:2      | Reached XP level 3. HP: 24/24 MP: 4/7
  1811 | D:2      | Noticed Natasha
  1821 | D:2      | Killed Natasha
  1821 | D:2      | Reached XP level 4. HP: 19/30 MP: 5/9
  1822 | D:2      | Found a shadowy altar of Dithmenos.
  1965 | D:2      | Noticed Natasha
  1969 | D:2      | Killed Natasha
  2172 | D:3      | Found a hazy altar of Hepliaklqana.
  2650 | D:4      | Found Wonidyeh's Antique Weapon Emporium.
  2650 | D:4      | Found a staircase to the Ecumenical Temple.
  2660 | Temple   | Entered the Ecumenical Temple
  2766 | Temple   | Became a worshipper of Ashenzari the Shackled
  2948 | D:4      | Reached XP level 5. HP: 33/35 MP: 5/11
  2949 | D:4      | Found an iron altar of Okawaru.
  2999 | D:4      | Found Meploune's Book Emporium.
  2999 | D:4      | Found Pokloon's Food Shoppe.
  3043 | D:4      | Found Wiaphefau's Armour Shoppe.
  3215 | D:4      | Found Vogoanu's Jewellery Boutique.
  3223 | D:4      | Bought a cursed +2 ring of protection for 70 gold pieces
  3466 | D:5      | Entered Level 5 of the Dungeon
  3531 | D:5      | Learned a level 4 spell: Petrify
  3537 | D:5      | Learned a level 5 spell: Lee's Rapid Deconstruction
  3587 | D:5      | Reached XP level 6. HP: 39/41 MP: 13/13
  3648 | D:5      | Reached skill level 5 in Spellcasting
  3648 | D:5      | Reached skill level 5 in Earth Magic
  3841 | D:5      | Found a basalt altar of Yredelemnul.
  3968 | D:4      | Bought a cursed +0 leather armour for 1 gold piece
  3996 | D:5      | Noticed a yak
  3997 | D:5      | Noticed a yak
  3999 | D:5      | Noticed a yak
  4049 | D:5      | Killed a yak
  4277 | D:5      | Reached XP level 7. HP: 29/46 MP: 11/15
  4382 | D:5      | Found Ascheidd's Assorted Antiques.
  4452 | D:5      | Noticed Duvessa
  4453 | D:5      | Noticed Dowan
  4462 | D:5      | Killed Duvessa
  4465 | D:5      | Killed Dowan
  4639 | D:5      | Killed a yak
  4639 | D:5      | Reached XP level 8. HP: 52/52 MP: 11/18
  4710 | D:6      | Found a sacrificial altar of Ru.
  5232 | D:6      | Found a deep blue altar of Sif Muna.
  5340 | D:7      | Noticed Prince Ribbit
  5352 | D:7      | Killed Prince Ribbit
  5379 | D:7      | Reached XP level 9. HP: 54/57 MP: 19/21
  5501 | D:7      | You fall through a shaft for 2 floors!
  5501 | D:9      | Found a staircase to the Lair.
  5501 | D:9      | Noticed a komodo dragon
  5516 | D:9      | Mangled by a komodo dragon

Vault maps used:
D:1:      sevenhm_arrival_forest_fort_small_6, minmay_curled_crystal
D:2:      nicolae_dithmenos_through_a_glass_darkly, first_ration, uniq_natasha
D:3:      old_standard_altar
D:4:      okawaru_altar_gauntlet_db, minmay_temple_entry_glass, serial_shops,
          shop, shop, shop, shop, shop, patterned_corridor
D:5:      corexii_shack_village, lemuel_round_altar, serial_shops,
          kennysheep_mini_moat, minmay_misc_feat_ornament, hangedman_decor_push,
          uniq_duvessa
D:6:      hangedman_ru_absence, kennysheep_mini
D:7:      lightli_temple_of_fire, marbit_many_paths,
          gammafunk_temple_overflow_pools, kennysheep_generic_room_5,
          uniq_prince_ribbit1
D:9:      david_lair_shrubbed, david_orc_2, hangedman_fish_farm
Temple:   grunt_temple_mini_profane

Skill      XL: |  1  2  3  4  5  6  7  8 |
---------------+-------------------------+-----
Spellcasting   | 3 4 5 6 8 |  8.8
Earth Magic    | 3 4 5 6 8 |  8.8
Dodging        | |  1.5
Stealth        | |  1.5
Transmutations | |  0.7

Action                   |  1- 3 |  4- 6 |  7- 9 || total
-------------------------+-------+-------+-------++-------
Melee: Unarmed           |     3 |       |       ||     3
       Dagger            |    54 |    57 |       ||   111
       Rapier            |       |    63 |    46 ||   109
 Cast: Sandblast         |    43 |    40 |    56 ||   139
       Passwall          |     2 |     4 |     1 ||     7
       Petrify           |       |     2 |     1 ||     3
Invok: Curse Item        |       |     1 |       ||     1
  Use: Scroll            |       |       |     5 ||     5
 Stab: Sleeping          |     4 |    12 |       ||    16
       Petrified         |       |     8 |     6 ||    14
Armor: Robe              |    17 |    42 |    16 ||    75
Dodge: Dodged            |    62 |    80 |    38 ||   180

Table legend:
 A = Spawn XP
 B = Non-spawn XP
 C = Spawn XP percentage of total XP
 D = Spawn monster count
 E = Non-spawn monster count
 F = Spawn count percentage of total count
 G = Total turns spent on level
                    A         B        C        D         E        F      G
               +---------+---------+-------+---------+---------+-------+---------
         Total |       0 |    3235 |   0.0 |       0 |     132 |   0.0 |  5516
               +---------+---------+-------+---------+---------+-------+---------
           D:1 |       0 |      34 |   0.0 |       0 |      21 |   0.0 |  1157
           D:2 |       0 |     124 |   0.0 |       0 |      21 |   0.0 |   951
           D:3 |       0 |      24 |   0.0 |       0 |      13 |   0.0 |   591
           D:4 |       0 |     111 |   0.0 |       0 |      14 |   0.0 |   716
           D:5 |       0 |    1414 |   0.0 |       0 |      32 |   0.0 |  1043
           D:6 |       0 |     817 |   0.0 |       0 |      24 |   0.0 |   628
           D:7 |       0 |     711 |   0.0 |       0 |       7 |   0.0 |   191
               +---------+---------+-------+---------+---------+-------+---------
